 Dungeon Crawl Stone Soup version 0.29.0-5-ge4962eb29e (webtiles) character file.

Game seed: 3995369945034342210

240 Zonian the Chiller (level 5, 0/35 HPs)
             Began as a Demonspawn Ice Elementalist on Aug 28, 2022.
             Was an Initiate of Makhleb.
             Slain by a gnoll
             ... wielding a +0 halberd
              (1 damage)
             ... on level 4 of the Dungeon on Aug 29, 2022.
             The game lasted 00:11:30 (6778 turns).

Zonian the Chiller (Demonspawn Ice Elementalist)    Turns: 6778, Time: 00:11:30

Health: 0/35       AC:  3    Str:  8    XL:     5   Next: 80%
Magic:  7/9        EV: 13    Int: 17    God:    Makhleb [......]
Gold:   176        SH:  0    Dex: 15    Spells: 1/10 levels left

rFire   . . .      SeeInvis .   i - +0 short sword (drain)
rCold   . . .      Faith    .   (no shield)
rNeg    . . .      Spirit   .   a - +1 robe
rPois   .          Reflect  .   (no helmet)
rElec   .          Harm     .   (no cloak)
rCorr   .          Rampage  .   (no gloves)
Will    .....                   (no boots)
Stlth   ++........              (no amulet)
HPRegen 0.11/turn               (no ring)
MPRegen 0.22/turn               (no ring)

@: no status effects
A: hooves 2, magic regeneration
a: Renounce Religion


You were on level 4 of the Dungeon.
You worshipped Makhleb.
Makhleb was noncommittal.
You visited 2 branches of the dungeon, and saw 5 of its levels.

You collected 176 gold pieces.

Inventory:

Hand Weapons
 d - a +0 dagger
 h - a +0 sling
 i - a +0 short sword of draining (weapon)
 q - a +0 dagger of holy wrath
Armour
 a - a +1 robe (worn)
Wands
 o - a wand of roots (2)
Scrolls
 e - a scroll of teleportation
 j - 3 scrolls of amnesia
 m - a scroll of silence
Potions
 b - a potion of magic
 c - a potion of degeneration
 f - a potion of mutation {unknown}
 g - a potion of lignification {unknown}
 k - a potion of resistance {unknown}
 l - 2 potions of flight
 n - a potion of invisibility {unknown}
 p - 2 potions of brilliance
 r - a potion of curing {unknown}
 s - 3 potions of attraction
 t - 2 potions of might {unknown}


   Skills:
 + Level 3.0 Dodging
 + Level 3.2 Stealth
 + Level 3.1 Spellcasting
 + Level 4.4 Ice Magic
 + Level 2.1 Invocations


You had one spell level left.
You knew the following spells:

 Your Spells              Type           Power      Damage    Failure   Level
a - Freeze                Ice            68%        1d8       2%          1
b - Frozen Ramparts       Ice            34%        1d6       9%          3
c - Ozocubu's Armour      Ice            17%        N/A       9%          3
d - Blink                 Tloc           4%         N/A       26%         2

Your spell library contained the following spells:

 Spells                   Type           Power      Damage    Failure   Level
 Lesser Beckoning         Tloc           2%         N/A       45%         3
 Hailstorm                Conj/Ice       10%        3d5       56%         4
 Manifold Assault         Tloc           2%         N/A       99%         5


Dungeon Overview and Level Annotations

Branches:
Dungeon (4/15)             Temple (1/1) D:4

Altars:
Ashenzari
Cheibriados
Dithmenos
Fedhas
Kikubaaqudgha
Makhleb
Nemelex Xobeh
Okawaru
Qazlal
Trog
Uskayaw
Vehumet
Wu Jian
Xom
Yredelemnul

Annotations:
D:4 Edmund


Innate Abilities, Weirdness & Mutations

You have hoof-like feet.
You regenerate magic rapidly.


Message History

Your Dodging skill increases to level 3!
Unknown command.
There is an open door here.
You hit the gnoll. Your kick misses the gnoll.
The gnoll is moderately wounded.
A scorpion comes into view.
The gnoll hits you with a +0 flail! The gnoll misses you.
You closely miss the gnoll.
The gnoll is moderately wounded.
The gnoll throws a throwing net.
The throwing net completely misses you.
Unknown command.
The gnoll attacks as you move away! The gnoll barely misses you. x2
The gnoll attacks as you move away! The gnoll hits you with a +0 flail.
* * * LOW HITPOINT WARNING * * *
The gnoll attacks as you move away! The gnoll misses you.
Unknown command.
Casting: Freeze (safe; 2% risk of failure)
Confirm with . or Enter, or press ? or * to list all spells.
Aiming: Freeze (safe; 2% risk of failure)
Press: ? - help, Shift-Dir - straight line, f - gnoll
Aim: a gnoll, wielding a +0 flail (moderately wounded)
You freeze the gnoll!
The gnoll is severely wounded.
The gnoll hits you with a +0 flail.
* * * LOW HITPOINT WARNING * * *
The gnoll misses you.
Okay, then.
Okay, then.
Aiming: Fastroot
Press: ? - help, Shift-Dir - straight line, f/p - gnoll
Aim: a gnoll, wielding a +0 flail (severely wounded)
The roots erupt in riotous growth!
Roots grab the gnoll.
Roots grab the orc.
Roots grab the gnoll.
The grasping roots constrict the gnoll!
The grasping roots constrict the gnoll.
You kill the gnoll!
Makhleb accepts your kill.
The grasping roots constrict the orc.
The orc hits you with a +0 short sword.
* * * LOW HITPOINT WARNING * * *
The gnoll hits you from afar with a +0 halberd.
You die...

....# #....................
....# #....................
....########'#######...##+#####
.................###)..##.
...............[.#..s...'.
...........(.....'.)....#
................g#......#
.......g.......o)########
....###)###.....@>......
....#.....#.............
....#.....#.....[.......
....#.....#.)...........
....#.....#.............
....#######...<..########
...... ..#......#......#
..........'......#<.....#
≈≈..#.....#......[......#


You could see a gnoll (rooted) and an orc (rooted).

Vanquished Creatures
  A hound (D:4)
  Jessica (D:2)
  An orc wizard (D:4)
  5 adders (D:2)
  3 gnolls (D:4)
  2 dart slugs
  9 orcs
  5 ball pythons
  6 bats
  5 endoplasms
  4 giant cockroaches
  8 goblins
  9 hobgoblins
  4 jackals
  3 quokkas
  A frilled lizard (D:2)
  7 kobolds
  6 rats
80 creatures vanquished.

Vanquished Creatures (others)
  A fungus (D:1)
  3 plants (D:1)
4 creatures vanquished.

Grand Total: 84 creatures vanquished

Notes
Turn   | Place    | Note
-------+----------+-------------------------------------------
     0 | D:1      | Zonian the Demonspawn Ice Elementalist began the quest for
                  | the Orb.
     0 | D:1      | Reached XP level 1. HP: 13/13 MP: 3/3
   869 | D:1      | Gained mutation: You regenerate magic rapidly. [demonic
                  | ancestry]
   869 | D:1      | Reached XP level 2. HP: 9/19 MP: 0/5
  1384 | D:1      | Found a faded altar of an unknown god.
  1884 | D:1      | Discovered your monstrous ancestry.
  1884 | D:1      | Gained mutation: You have large cloven feet. [demonic
                  | ancestry]
  1884 | D:1      | Reached XP level 3. HP: 24/24 MP: 6/6
  2272 | D:2      | Reached skill level 4 in Ice Magic
  2421 | D:2      | Reached XP level 4. HP: 29/30 MP: 3/7
  2450 | D:2      | You fall into a shaft and drop 2 floors!
  2625 | D:4      | Found a staircase to the Ecumenical Temple.
  2638 | Temple   | Entered the Ecumenical Temple
  2820 | Temple   | Became a worshipper of Makhleb the Destroyer
  2943 | D:2      | Noticed Jessica
  2948 | D:2      | Killed Jessica
  3151 | D:2      | Reached skill level 1 in Invocations
  3594 | D:3      | Found a stormy altar of Qazlal.
  4150 | D:3      | Gained mutation: You have hoof-like feet. [demonic
                  | ancestry]
  4150 | D:3      | Reached XP level 5. HP: 11/35 MP: 9/9
  5190 | D:4      | Noticed Edmund
  6237 | D:3      | Learned a level 3 spell: Frozen Ramparts
  6241 | D:3      | Learned a level 3 spell: Ozocubu's Armour
  6244 | D:3      | Learned a level 2 spell: Blink
  6778 | D:4      | HP: 1/35 [orc/+0 short sword (1)]
  6778 | D:4      | Slain by a gnoll

Illustrated notes

Levels and vault maps discovered:
D:1:      enne_arrival_octagon_isle, layout_loops_ring,
          shapermc_ecumenical_altar_mp_ritualfount
D:2:      layout_loops_cross, minmay_misc_feat_doors, uniq_jessica
D:3:      layout_loops_cross, grunt_qazlal_clouds
D:4:      layout_gridville, temple_pool_b, uniq_edmund
Temple:   minmay_crystal_spiral_temple

Skill      XL: |  1  2  3  4  5 |
---------------+----------------+-----
Dodging        | 2 3 |  3.0
Stealth        | 2 3 |  3.2
Ice Magic      | 4 |  4.4
Invocations    | 1 2 |  2.1
Spellcasting   | 3 |  3.1

Action                   |  1- 3 |  4- 6 || total
-------------------------+-------+-------++-------
Melee: Dagger            |    47 |     2 ||    49
       Punch             |     1 |       ||     1
       Kick              |     2 |    31 ||    33
       Short sword       |       |   109 ||   109
 Cast: Freeze            |    41 |    35 ||    76
Evoke: Wand              |       |     1 ||     1
  Use: Scroll            |       |    17 ||    17
 Stab: Sleeping          |     2 |     5 ||     7
Armor: Robe              |    10 |    39 ||    49
Dodge: Dodged            |    66 |   107 ||   173
